 Dungeon Crawl Stone Soup version 0.20-a0-739-g6bb112f (webtiles) character file.

2313 krabocopter the Carver (level 9, 0/63 HPs)
             Began as a Formicid Fighter on Feb 24, 2017.
             Slain by Joseph
             ... wielding a +0 quarterstaff
              (10 damage)
             ... on level 7 of the Dungeon.
             The game lasted 00:12:08 (5343 turns).

krabocopter the Carver (Formicid Fighter)           Turns: 5343, Time: 00:12:10

Health: 0/63       AC:  8    Str: 25    XL:     9   Next: 68%
Magic:  9/9        EV:  9    Int: 11    God:
Gold:   221        SH: 11    Dex: 13    Spells: 8/8 levels left

rFire    . . .     SeeInvis +   a - +0 long sword
rCold    . . .     Gourm    .   b - +0 scale mail
rNeg     . . .     Faith    .   c - +0 shield
rPois    .         Spirit   .   (helmet unavailable)
rElec    .         Reflect  .   (no cloak)
rCorr    .         Harm     .   m - +0 pair of gloves
MR       .....                  (no boots)
Stlth    ..........             (no amulet)
Regen    0.2/turn               (no ring)
MPRegen  0.2/turn               k - ring of wizardry

@: mighty
A: permanent stasis, dig shafts and tunnels, four strong arms, antennae 3,
clever 1, frail 1
a: Dig, Shaft Self


You were on level 7 of the Dungeon.
You were not hungry.

You visited 1 branch of the dungeon, and saw 7 of its levels.

You collected 221 gold pieces.

Inventory:

Hand Weapons
 a - a +0 long sword (weapon)
 x - a +0 longbow
Missiles
 y - 22 arrows
Armour
 b - a +0 scale mail (worn)
 c - a +0 shield (worn)
 m - a +0 pair of gloves (worn)
Jewellery
 k - a ring of wizardry (left hand)
Wands
 r - a wand of flame (28/48)
 u - a wand of lightning (9/15)
 B - a wand of random effects (7/48)
Scrolls
 e - a scroll of enchant armour {unknown}
 g - a scroll of teleportation {unknown}
 i - 2 scrolls of identify
 n - 2 scrolls of recharging {unknown}
 o - a scroll of amnesia {unknown}
 p - a scroll of fear {unknown}
 q - 3 scrolls of remove curse {unknown}
 s - 4 scrolls of magic mapping {unknown}
 v - a scroll of summoning {unknown}
 C - a scroll of fog {unknown}
Potions
 d - a potion of might
 h - a potion of resistance
 t - a potion of ambrosia
 w - a potion of haste {unknown}
 A - a potion of flight {unknown}
Comestibles
 f - 6 bread rations
 j - 3 royal jellies
 l - a meat ration
 z - 2 chunks of flesh


   Skills:
 + Level 6.5 Fighting
 * Level 10.1 Long Blades
 - Level 3.2 Armour
 + Level 7.1 Shields


You had 8 spell levels left.
You didn't know any spells.

Dungeon Overview and Level Annotations

Branches:
Dungeon (7/15)
 Temple: D:4-7

Altars:
Makhleb
Qazlal
Sif Muna
Vehumet

Annotations:
D:7 exclusion: electric eel, Joseph


Innate Abilities, Weirdness & Mutations

You cannot be hasted, slowed, berserked, paralysed or teleported.
You can dig through walls and to a lower floor.
Your four strong arms can wield two-handed weapons with a shield.
You have a pair of large antennae on your head. (SInv)
Your mind is acute. (Int +2)
You are frail. (-10% HP)


Message History

Joseph says, "You must be punished!
Or...
I want to punish you!" You block Joseph's attack.
You slash Joseph! Joseph screams, "I'm going to kill you!
Now!"
Joseph hits you but does no damage.
You closely miss Joseph.
Joseph hits you with an uncursed quarterstaff.
You take 5 damage, and have 27/63 hp.
You closely miss Joseph. You barely miss Joseph.
Joseph hits you with an uncursed quarterstaff.
You take 6 damage, and have 21/63 hp.
You slash Joseph!
Joseph hits you with an uncursed quarterstaff!
* * * LOW HITPOINT WARNING * * *
You take 11 damage, and have 10/63 hp.
You slash Joseph! You block Joseph's attack.
You slash Joseph!
Joseph hits you with an uncursed quarterstaff!
You die...

#.# #.# .#
####.## .?
#.....# .#
#.###.# .#
#.# #.####
.# #.#
#....# .#
#.#
##..P###@#
#.#
#...P.@.#
#.#
##......#
##.#
#P....P♣#
#..#
#..♣≈≈..P.#
#>##
#.≈≈≈≈≈.....
#.#
#.≈♣≈≈≈♣.###
#.#
#..≈≈≈♣≈P#
#.#
#..≈♣≈≈..#
#.# #P..
♣≈♣.#


You could see Joseph.

Vanquished Creatures
  The ghost of skk the Shield-Bearer, a novice DsFi of Okawaru (D:6)
  Edmund (D:6)
  Duvessa (D:6)
  A sky beast (D:6)
  3 ice beasts
  A phantom (D:6)
  2 centaurs
  An ogre (D:4)
  A bullfrog (D:6)
  A big kobold (D:6)
  Dowan (D:6)
  A scorpion (D:6)
  2 howler monkeys
  A crimson imp (D:5)
  6 hounds
  4 worker ants
  An iguana (D:4)
  2 orc wizards (D:6)
  A centaur skeleton (D:5)
  The ghost of Sapher the Ruffian, a weakling VSTm (D:3)
  A worker ant zombie (D:6)
  4 gnolls (D:3)
  A howler monkey skeleton (D:5)
  7 adders
  A shadow imp (D:5)
  2 adder skeletons
  3 worms
  A dart slug (D:1)
  9 leopard geckos
  8 orcs
  2 giant cockroaches (D:3)
  3 goblins
  7 hobgoblins
  3 jackals (D:6)
  3 quokkas
  A ball python (D:2)
  7 bats
  9 frilled lizards
  17 kobolds
  A quokka skeleton (D:5)
  A quokka zombie (D:5)
  5 rats
  A plant (D:3)
130 creatures vanquished.

Notes
Turn   | Place    | Note
-------+----------+-------------------------------------------
     0 | D:1      | krabocopter the Formicid Fighter began the quest for the Orb.
     0 | D:1      | Reached XP level 1. HP: 18/18 MP: 1/1
    92 | D:1      | Reached XP level 2. HP: 21/24 MP: 2/2
   472 | D:1      | Reached skill level 3 in Long Blades
   472 | D:1      | Reached XP level 3. HP: 30/30 MP: 3/3
   896 | D:2      | Found a stormy altar of Qazlal.
   920 | D:2      | Reached XP level 4. HP: 34/37 MP: 4/4
  1491 | D:3      | Found a stormy altar of Qazlal.
  1491 | D:3      | Found a radiant altar of Vehumet.
  1491 | D:3      | Found a deep blue altar of Sif Muna.
  1507 | D:3      | Noticed Sapher's ghost (weakling VSTm)
  1517 | D:3      | Killed Sapher's ghost
  1517 | D:3      | Reached skill level 4 in Long Blades
  1696 | D:3      | Reached XP level 5. HP: 20/42 MP: 5/5
  1895 | D:3      | HP: 2/43 [gnoll/halberd (11)]
  2480 | D:4      | Reached XP level 6. HP: 44/49 MP: 6/6
  2714 | D:4      | Reached skill level 5 in Fighting
  2714 | D:4      | Reached skill level 5 in Long Blades
  2807 | D:4      | Noticed an ogre
  2820 | D:4      | Killed an ogre
  3075 | D:5      | Entered Level 5 of the Dungeon
  3088 | D:5      | Reached XP level 7. HP: 51/56 MP: 7/7
  3199 | D:5      | Reached skill level 6 in Long Blades
  3395 | D:5      | Reached skill level 7 in Long Blades
  3395 | D:5      | Reached XP level 8. HP: 41/64 MP: 8/8
  4132 | D:6      | Noticed Edmund
  4149 | D:6      | Reached skill level 8 in Long Blades
  4184 | D:6      | Reached skill level 5 in Shields
  4208 | D:6      | Gained mutation: You are frail. (-10% HP) [mutagenic meat]
  4209 | D:6      | Gained mutation: Your mind is acute. (Int +2) [mutagenic meat]
  4239 | D:6      | Noticed skk's ghost (novice DsFi)
  4268 | D:6      | Killed skk's ghost
  4268 | D:6      | Reached skill level 9 in Long Blades
  4268 | D:6      | Reached XP level 9. HP: 9/62 MP: 9/9
  4693 | D:6      | Found a burning altar of Makhleb.
  4904 | D:6      | Noticed Duvessa
  4912 | D:6      | Killed Duvessa
  4926 | D:6      | Noticed Dowan
  4934 | D:6      | Killed Dowan
  4934 | D:6      | Reached skill level 10 in Long Blades
  5007 | D:6      | Killed Edmund
  5330 | D:7      | Noticed Joseph
  5343 | D:7      | Slain by Joseph

Vault maps used:
D:1:      lemuel_arrival_muddy
D:2:      first_bread, nicolae_qazlal_general_emergency
D:3:      gammafunk_temple_overflow_forgotten
D:5:      minmay_misc_feat_four_crosses
D:6:      minmay_misc_feat_alley, makhleb_heckhound_becter, uniq_duvessa,
          uniq_edmund
D:7:      temple_statues, serial_bayou, serial_bayou_pond_b,
          serial_bayou_lagoon_a, serial_bayou_pond_c, serial_bayou_pond_a,
          serial_bayou_lake_a, uniq_joseph

Skill      XL: |  1  2  3  4  5  6  7  8  9 |
---------------+----------------------------+-----
Long Blades    | 3 4 5 7 9 10 | 10.1
Fighting       | 4 5 6 |  6.5
Shields        | 6 7 |  7.1
Armour         | |  3.2

Action                   |  1- 3 |  4- 6 |  7- 9 || total
-------------------------+-------+-------+-------++-------
Melee: Long sword        |    74 |   220 |   296 ||   590
  Use: Potion            |       |     3 |     2 ||     5
       Scroll            |       |       |     1 ||     1
  Eat: Chunk             |       |     7 |    10 ||    17
Armor: Scale mail        |    19 |    74 |    99 ||   192
Dodge: Dodged            |    23 |    59 |    76 ||   158
Block: Shield            |    40 |    77 |   125 ||   242
       Rpst.: Long sword |    10 |    20 |    30 ||    60
